[Event "8th Brazilian Open SESC Caioba 2024"]
[Site "Caioba"]
[Date "2024.06.26"]
[Round "5.4"]
[White "Martins, Vinicius Tine"]
[Black "Di Berardino, Diego Rafael"]
[Result "1/2-1/2"]
[ECO "A34"]
[WhiteElo "2268"]
[BlackElo "2473"]
[Annotator "TA"]
[PlyCount "108"]
[EventDate "2024.06.15"]
[EventCountry "BRA"]
[SourceTitle "playchess.com"]
[Source "ChessBase"]
[SourceQuality "1"]
[TimeControl "5400+30"]

1. Nf3 Nf6 2. c4 c5 3. Nc3 Nc6 4. g3 d5 5. cxd5 Nxd5 6. d3 e6 7. Bg2 Be7 8. O-O O-O 9. Bd2 b6 10. a3 Bb7 11. Qa4 a6 12. Rfc1 {[%emt 0:05:35] The position is equal.} b5 13. Qd1 Qb6 14. Nxd5 exd5 15. Nh4 (15. e3 $11) 15... Bxh4 16. gxh4 Rfe8 17. Bf4 c4 18. e3 {[%emt 0:10:11] [#] Repels Nd4} (18. dxc4 $17 {was necessary.} dxc4 19. Qd7) 18... Ne5 (18... Na5 $1 $19 19. d4 Nb3) 19. Bxe5 $15 Rxe5 20. d4 (20. a4 $15 {is more appropriate.}) 20... Re6 21. h5 f5 22. Qf3 Rf8 23. Qf4 Qd8 24. Kh1 Qd6 25. Bf3 Qxf4 26. exf4 Rfe8 27. Rg1 ({White should try} 27. b3 $15) 27... Kf7 $17 28. Rg5 Re1+ 29. Rg1 Rxa1 30. Rxa1 {[%emt 0:00:01][%mdl 4096] Endgame. KRB-KRB} a5 31. Kg1 Kf6 32. Kf1 Bc6 33. Re1 Rxe1+ 34. Kxe1 {[%emt 0:00:02] KB-KB} b4 35. axb4 axb4 36. Kd2 Ke6 37. h6 gxh6 38. Bd1 Be8 39. Ke3 Kd6 40. Kd2 Kc7 41. Ke3 Kb6 42. Kd2 Ka5 43. Bf3 Bf7 44. Bd1 Kb5 45. Be2 Kc6 46. Bd1 Kd6 47. Be2 Be8 48. Bd1 $1 Ke6 49. Ke3 $1 Bd7 {[%emt 0:00:16] Black is better.} 50. Kd2 Bb5 51. Bc2 Kf6 52. Bd1 Kg6 53. Bf3 Bc6 54. Bd1 Kf6 {[%emt 0:00:56] Weighted Error Value: White=0.09 (flawless) /Black=0.13 (very precise) .  Mistake:       	White=4     	Black=1      Inaccurate:     	White=3     	Black=4      OK:         	White=11    	Black=15     Best:        	White=2     	Black=2      Strong:       	White=2     	---} 1/2-1/2

[Event "8th Brazilian Open SESC Caioba 2024"]
[Site "Caioba"]
[Date "2024.06.26"]
[Round "5.5"]
[White "Santiago, Yago De Moura"]
[Black "Do Valle Cardoso, Lucas"]
[Result "1-0"]
[ECO "E93"]
[WhiteElo "2462"]
[BlackElo "2356"]
[Annotator "TA"]
[PlyCount "101"]
[EventDate "2024.06.15"]
[EventCountry "BRA"]
[SourceTitle "playchess.com"]
[Source "ChessBase"]
[SourceQuality "1"]
[TimeControl "5400+30"]

1. d4 Nf6 2. c4 g6 3. Nc3 Bg7 4. e4 d6 5. Nf3 O-O 6. Be2 e5 7. d5 Nbd7 8. h3 Nc5 9. Qc2 a5 10. g4 c6 11. Be3 cxd5 12. cxd5 b6 {[%emt 0:03:54] White has an edge.} 13. Nd2 Bd7 14. Rg1 (14. a4 $14) 14... Rc8 (14... a4 $11) 15. a4 $16 Ne8 16. Bb5 Nc7 17. Bxd7 Qxd7 18. Nc4 Rb8 19. Bxc5 bxc5 20. Nxa5 Na6 21. Nb5 (21. Nc4 $16) 21... Nb4 $14 22. Qc4 Bf6 (22... Ra8 23. Nc6 $16) 23. g5 (23. Ke2 $14) 23... Bd8 {[%emt 0:03:15] [#]} 24. Nc6 Nxc6 25. dxc6 Qxc6 26. O-O-O Be7 27. h4 Rb6 28. Rd3 (28. f4 {simplifies} exf4 29. Rgf1 Qc8 30. Rxf4 Qe6 31. Qxe6 fxe6 32. Rxf8+ Kxf8 33. Kc2) 28... Qd7 29. Kc2 Qe6 30. Kc3 Rfb8 31. Rf3 R8b7 32. Rd1 Kg7 33. b3 {[%emt 0:00:39] White has more active pieces.} Kg8 34. Qxe6 (34. Qd5 {with more complications.} Rb8 35. Kc4 Rc6 36. Qxe6 fxe6 37. Rfd3) 34... fxe6 35. Rfd3 Bf8 {[%emt 0:03:32] [#]} (35... c4 $16 36. bxc4 (36. Kxc4 Rc6+ 37. Kb4 d5+ 38. Ka5 Rbb6) 36... Rb8) 36. f3 (36. Nxd6 Rxb3+ 37. Kc4 R3b4+ 38. Kc3 Ra7 $11) (36. Rxd6 $1 $18 {and the rest is easy.} Bxd6 37. Rxd6 Rxd6 38. Nxd6) 36... Be7 (36... Rb8 $16 37. Kc2 (37. Nxd6 Rxb3+ 38. Kc4 R3b4+ 39. Kxc5 R4b6 $15) 37... c4 38. bxc4 Ra6) 37. Kc2 ({Worse is} 37. Nxd6 Rxb3+ 38. Kc4 R3b4+ 39. Kc3 Rb3+ 40. Kc4 R3b4+ 41. Kc3 Rb3+ $11) (37. Kc4 $18) 37... Kf8 $2 (37... c4 $16 {is tougher.} 38. bxc4 h6) 38. Nxd6 $18 Bxd6 39. Rxd6 {[%emt 0:00:03][%mdl 4096] Endgame. KRR-KRR} Rb4 40. Rd8+ Ke7 41. Rh8 Rxb3 42. Rxh7+ Ke8 43. Rxb7 Rxb7 {[%emt 0:00:01] KR-KR} 44. a5 Ra7 {[%emt 0:01:58] [#]} 45. Ra1 $1 Kd7 46. Kc3 Kc8 47. Kc4 {[%emt 0:00:54][%cal Oa5a6] a6! would now be deadly.} Rh7 48. Kxc5 Rxh4 49. Kd6 {[%emt 0:00:14][%csl LRe5,LRe6][%cal Oa5a6] White wants to mate with a6!} Rh3 50. Ra3 Rg3 51. Rb3 {[%emt 0:01:01] Weighted Error Value: White=0.15 (very precise) /Black=0.58.  Loses game:     	---       	Black=1      Mistake:       	White=5     	Black=3      Inaccurate:     	---       	Black=5      OK:         	White=12    	Black=6      Best:        	White=2     	Black=1      Brilliant:      	White=1     	---} (51. a6 $142 Kb8 52. Kxe5 Rxg5+ 53. Kxe6 (53. Kf6 Rg1 $18) 53... Rh5 54. e5 (54. Kf7 Rh7+ 55. Kxg6 Ra7 $18) 54... Ka7 55. Kd6 (55. f4 Rh4 $18) 55... Rh8 56. e6) 1-0

[Event "8th Brazilian Open SESC Caioba 2024"]
[Site "Caioba"]
[Date "2024.06.26"]
[Round "5.6"]
[White "Acosta, Pablo Ismael"]
[Black "Filgueiras, Nathan Felipe"]
[Result "1/2-1/2"]
[ECO "A13"]
[WhiteElo "2449"]
[BlackElo "2294"]
[Annotator "TA"]
[PlyCount "205"]
[EventDate "2024.06.15"]
[EventCountry "BRA"]
[SourceTitle "playchess.com"]
[Source "ChessBase"]
[SourceQuality "1"]
[TimeControl "5400+30"]

1. Nf3 Nf6 2. c4 e6 3. b3 d5 4. e3 c5 5. Bb2 Nc6 6. cxd5 exd5 7. Bb5 Bd6 8. h3 {[%emt 0:00:00] A13: English Opening: 1...e6.} O-O 9. O-O Bc7 10. Nc3 $146 ({Predecessor:} 10. d4 cxd4 11. Bxc6 bxc6 12. Qxd4 Re8 13. Nc3 Bb6 14. Qd2 c5 15. Rfd1 Bb7 16. Ne2 {½-½ Turski,B (2317)-Klimkowski,J (2474) Bydgoszcz op-A 2023 (7)}) 10... Qd6 11. Na4 Bd7 12. Bxf6 gxf6 13. d4 b6 14. Nc3 Be6 15. Rc1 Kh8 16. dxc5 bxc5 17. Bxc6 Qxc6 18. Na4 Rg8 19. Rxc5 Qd6 20. Rxc7 Qxc7 21. Qd4 Qe7 22. Kh1 Rac8 23. Nc3 Rgd8 24. g4 Rb8 25. Qf4 d4 26. Nxd4 Rbc8 27. Nce2 Bd5+ 28. Kg1 Qe5 29. Qh6 Qg5 30. Qxg5 fxg5 31. f4 Re8 32. Kf2 f6 33. Rd1 Be4 34. Ng3 gxf4 35. exf4 Rcd8 36. Nge2 Bb7 37. Rc1 Re4 38. Nf3 Ba6 39. Ng3 Rxf4 40. Nh5 Re4 41. Rc7 Rf8 42. Rxa7 Bb5 43. Ng3 Re6 44. Nd4 Rb6 45. a4 Bd3 46. Rd7 Bg6 47. a5 Rb4 48. a6 Ra8 49. Rd6 Bf7 50. Ne4 Bxb3 51. Nxf6 Bg8 (51... Bf7 $5) 52. Nf5 Ra4 53. Nh6 R4xa6 (53... Ba2 $15) 54. Rxa6 $11 Rxa6 55. Nhxg8 Ra3 56. h4 Kg7 57. g5 Rb3 58. Ne7 (58. Nh6 $5 Kg6 $8 59. Kg2 $14) 58... Ra3 $2 (58... h6 $11 {and Black is okay.}) 59. Ng4 Kf7 {[%emt 0:00:34] [#]} 60. Nf5 $2 (60. Nd5 $1 $18 ) 60... Kg6 61. Ng3 Rb3 $2 (61... Ra5 $16 62. Kf3 Ra3+ 63. Kg2 Ra2+ 64. Kh3 Ra5) 62. Ne5+ $18 Kg7 63. Nf5+ Kg8 64. Nf3 Kf7 65. h5 Ra3 66. Kg3 Ra4 67. N3d4 Ra3+ 68. Kf4 Ra4 69. Ke4 Ra1 70. Nh6+ Kg7 71. Ne6+ Kh8 72. Ke5 $2 (72. Nf7+ Kg8 73. Nh6+ Kh8 74. Ke5) 72... Rf1 $2 (72... Rh1 73. Kf6 (73. Nf4 Ra1 $18) 73... Rxh5) 73. Nf5 $18 Kg8 74. Kf6 Rf2 75. g6 $2 (75. Ned4 $18 Kh8 76. Nc6) 75... hxg6 $11 76. hxg6 Rf1 77. Ng5 Rf2 78. Nf7 Rg2 79. N5h6+ Kf8 80. Ng5 (80. Ne5 {simplifies} Rxg6+ 81. Nxg6+ Ke8 82. Ke6) 80... Rf2+ 81. Nf5 Kg8 82. Ne4 (82. g7 {simplifies} Rxf5+ 83. Kxf5 Kxg7 84. Ne6+) 82... Rf1 83. Neg3 (83. g7 {simplifies} Rxf5+ 84. Kxf5 Kxg7 85. Ng5) 83... Rf2 84. Kg5 Rg2 85. Kh6 Rh2+ $1 86. Nh5 Rg2 87. Nfg3 Rf2 $1 88. g7 Rf7 89. Kg6 Rxg7+ $1 90. Nxg7 Kf8 91. N3f5 Kg8 92. Ne6 Kh8 93. Nd6 $1 Kg8 94. Nc4 Kh8 95. Ne5 Kg8 96. Ng4 $1 Kh8 97. Kf7 Kh7 98. Nf4 Kh8 99. Ne6 Kh7 100. Nf4 Kh8 101. Nh3 Kh7 102. Ng5+ Kh8 103. Ne5 1/2-1/2

[Event "8th Brazilian Open SESC Caioba 2024"]
[Site "Caioba"]
[Date "2024.06.26"]
[Round "5.7"]
[White "Rodi, Luis Ernesto"]
[Black "Rodriguez Vila, Andres"]
[Result "1/2-1/2"]
[ECO "B40"]
[WhiteElo "2208"]
[BlackElo "2396"]
[Annotator "RC"]
[PlyCount "129"]
[EventDate "2024.06.15"]
[EventCountry "BRA"]
[SourceTitle "playchess.com"]
[Source "ChessBase"]
[SourceQuality "1"]
[TimeControl "5400+30"]

1. e4 c5 2. Nf3 e6 3. d4 cxd4 4. Qxd4 Nc6 5. Qe3 b6 6. Bd3 Nf6 7. Nc3 Bc5 8. Qe2 Bb7 9. Be3 Bxe3 10. Qxe3 d5 11. exd5 Nxd5 12. Nxd5 Qxd5 13. Be4 Qa5+ 14. c3 O-O 15. O-O h6 16. Rfd1 Rad8 17. h3 Rxd1+ 18. Rxd1 Qxa2 19. Rd7 Ba8 20. Rc7 Na5 21. Bxa8 Rxa8 22. Qf4 Rf8 23. Ne5 Qb1+ 24. Kh2 Qf5 25. Qxf5 exf5 26. Rxa7 Re8 27. Nd7 Nc4 28. b3 Nd2 29. Nxb6 f4 30. Ra8 Rxa8 31. Nxa8 Nxb3 32. Nc7 g5 33. Nd5 Kg7 34. h4 Kg6 35. Kh3 Nd2 36. hxg5 hxg5 37. g3 f3 38. g4 Ne4 39. c4 Nxf2+ 40. Kg3 Nd3 41. Kxf3 Ne5+ 42. Kg3 Nxc4 43. Kf3 Ne5+ 44. Kg3 f6 45. Ne7+ Kf7 46. Nf5 Ke6 47. Ng7+ Kd5 48. Nh5 Nd7 49. Ng7 Ke5 50. Nf5 Nc5 51. Kf3 Kd5 52. Ne3+ Kd4 53. Nf5+ Kd3 54. Nd6 Nb3 55. Ne8 Nd2+ 56. Kg3 Ne4+ 57. Kf3 Kd4 58. Ng7 Nd2+ 59. Kg3 Ke4 60. Ne8 Ke3 61. Nxf6 Ne4+ 62. Nxe4 Kxe4 63. Kg2 Kf4 64. Kf2 Kxg4 65. Kg2 1/2-1/2

[Event "8th Brazilian Open SESC Caioba 2024"]
[Site "Caioba"]
[Date "2024.06.26"]
[Round "5.8"]
[White "Schnaider, Ilan"]
[Black "Lujan, Carolina"]
[Result "1/2-1/2"]
[ECO "E60"]
[WhiteElo "2395"]
[BlackElo "2269"]
[Annotator "RC"]
[PlyCount "104"]
[EventDate "2024.06.15"]
[EventCountry "BRA"]
[SourceTitle "playchess.com"]
[Source "ChessBase"]
[SourceQuality "1"]
[TimeControl "5400+30"]

1. d4 Nf6 2. c4 g6 3. h4 c5 4. d5 d6 5. Nc3 e6 6. e4 Bg7 7. Be2 exd5 8. exd5 h5 9. Nf3 Bf5 10. O-O O-O 11. Ng5 Nbd7 12. Bf4 Ne5 13. a4 Ne8 14. a5 Nc7 15. Qd2 Re8 16. Rfe1 Na6 17. Nge4 Nb4 18. Bg5 f6 19. Bf4 Qd7 20. Bf1 a6 21. f3 Re7 22. Rad1 Rae8 23. b3 Nf7 24. Kh2 Qd8 25. Bg3 Ne5 26. Kh1 Nf7 27. Qf2 Ne5 28. Kh2 Qc7 29. Qd2 Qd8 30. Bf4 Nf7 31. Qf2 Ne5 32. Re3 Bxe4 33. Nxe4 Ng4+ 34. fxg4 Rxe4 35. Rxe4 Rxe4 36. gxh5 g5 37. hxg5 fxg5 38. Bg3 Qe8 39. Qf3 Be5 40. Bxe5 Qxe5+ 41. Kg1 Rf4 42. Qh3 g4 43. Qh4 Qe3+ 44. Kh2 Qe5 45. Kg1 Qe3+ 46. Kh1 g3 47. Qg5+ Kh8 48. Qh6+ Kg8 49. Qg5+ Kh8 50. Qh6+ Kg8 51. Qg6+ Kh8 52. Qg5 Qe6 1/2-1/2

[Event "8th Brazilian Open SESC Caioba 2024"]
[Site "Caioba"]
[Date "2024.06.26"]
[Round "5.9"]
[White "Hernandez Guerrero, Gilberto"]
[Black "Tamarozi, Isabelle"]
[Result "1-0"]
[ECO "D34"]
[WhiteElo "2506"]
[BlackElo "2030"]
[Annotator "TA"]
[PlyCount "115"]
[EventDate "2024.06.15"]
[EventCountry "BRA"]
[SourceTitle "playchess.com"]
[Source "ChessBase"]
[SourceQuality "1"]
[TimeControl "5400+30"]

1. d4 d5 2. c4 e6 3. Nf3 c5 4. cxd5 exd5 5. g3 Nf6 6. Bg2 Nc6 7. O-O Be7 8. Nc3 O-O 9. dxc5 Bxc5 10. Na4 Be7 11. Be3 Ne4 12. Rc1 Bf6 13. Nd4 {[%emt 0:09:26] D34: Tarrasch Defence: 6 g3 Nf6 7 Bg2 Be7.} Ne5 14. b3 Ng4 $146 ({Predecessor:} 14... Re8 15. h3 Bd7 16. Nc5 Rc8 17. Nxe4 dxe4 18. Kh2 Rxc1 19. Qxc1 Nc6 20. Nb5 Be5 {1-0 Wiejaczka,B (2006)-Stebel,A (1830) Krakow op-B 29th 2018 (1)}) 15. Bf4 g5 16. Bc7 Qe7 17. Qd3 (17. Nb5 $1 $16) 17... b6 (17... Bd7 $15 {stays ahead.} 18. Nc3 Nexf2 19. Rxf2 Nxf2 (19... Qc5 $2 20. Rxf6 Qxc7 21. Rff1 $18) 20. Kxf2 Qc5 21. Nxd5 Qxd4+ (21... Qxc1 22. Nxf6+ Kg7 23. Qxh7+ Kxf6 24. Qh6+ Ke7 25. Bd6+ Kd8 26. Qxf8+ Be8 27. Qe7+ Kc8 28. Qxe8#) 22. Qxd4 Bxd4+ 23. e3 Bb2) 18. e3 (18. Nc3 $1 $16 Nexf2 (18... Qxc7 $2 19. Nxd5 Qe5 20. Nc6 $18) 19. Nxd5 Nxd3 20. Nxe7+ Bxe7 21. exd3 (21. Bxa8 $2 Nxc1 22. Rxc1 Ba3 $19)) 18... Re8 $11 19. Nc3 Bb7 (19... Qxc7 $2 20. Nxd5 (20. Nxe4 dxe4 $11) 20... Qe5 21. Nc6 $18) (19... Ngxf2 $11 {remains equal.} 20. Rxf2 Nxf2 (20... Qxc7 21. Bxe4 dxe4 22. Nxe4 $11) 21. Kxf2 Ba6 (21... Qxc7 22. Nxd5 Qd8 23. Nc7 $16) 22. Nxd5 (22. Qxa6 Qxe3+ 23. Kf1 Qxc1+ 24. Kf2 Qe3+ 25. Kf1 Qe1#) (22. Ncb5 $2 Bxd4 23. Qxd4 Bxb5 $19) 22... Bxd3 23. Nxe7+ Bxe7) 20. Nxe4 ({White should try} 20. Nf5 $16 Qe6 21. Nxe4 dxe4 22. Qb5) 20... dxe4 $14 21. Qe2 Nh6 {[%emt 0:07:16] [#]} (21... Bxd4 $1 $11 22. exd4 (22. Qxg4 Bb2 $14) 22... Qe6) 22. g4 (22. Nb5 $1 $16) 22... Rac8 23. Bg3 Bxd4 24. exd4 Qd7 25. h3 Qxd4 ({Better is} 25... f6 $14) 26. Rxc8 $16 Bxc8 27. Rd1 Qf6 28. Qb5 ({Reject} 28. Bxe4 $6 Bb7 29. f3 (29. Bxh7+ $2 Kxh7 30. Qd3+ Be4 $19) 29... Bxe4 30. fxe4 Qc3 $14) 28... Re6 29. Rd5 a6 30. Rxg5+ Kf8 {[%emt 0:00:01] [#]} 31. Qb4+ $1 Qe7 32. Qxe7+ Kxe7 33. Bf4 Kf8 34. Rh5 Kg7 35. Rxh6 Rxh6 36. Bxh6+ Kxh6 37. Bxe4 Kg7 38. Kg2 h6 39. f4 f6 (39... Bd7 $142 40. Kg3 a5) 40. b4 $18 Be6 41. a3 a5 42. Kf3 Bd7 43. Ke3 (43. bxa5 $142 bxa5 44. Ke3) 43... Kf8 $2 (43... axb4 44. axb4 Be6) 44. bxa5 $18 bxa5 45. Kd4 Bb5 46. Bf3 Ke7 47. Kc5 Bd3 48. Bd1 Bf1 49. h4 Kd7 50. Kb6 Kd6 51. Kxa5 Kc5 52. g5 fxg5 53. fxg5 hxg5 54. hxg5 Bc4 55. Bc2 Kc6 56. Kb4 Be6 57. g6 Kd6 58. Bb3 1-0

[Event "8th Brazilian Open SESC Caioba 2024"]
[Site "Caioba"]
[Date "2024.06.26"]
[Round "5.10"]
[White "Barbosa, Evandro Amorim"]
[Black "Borges, Guilherme Deola"]
[Result "1-0"]
[ECO "C54"]
[WhiteElo "2491"]
[BlackElo "2151"]
[Annotator "TA"]
[PlyCount "59"]
[EventDate "2024.06.15"]
[EventCountry "BRA"]
[SourceTitle "playchess.com"]
[Source "ChessBase"]
[SourceQuality "1"]
[TimeControl "5400+30"]

1. e4 e5 2. Nf3 Nc6 3. Bc4 Bc5 4. d3 Nf6 5. Bg5 O-O 6. c3 h6 7. Bh4 Be7 8. Bg3 d6 {[%emt 0:01:30] The position is equal.} 9. h3 Kh8 10. Nbd2 Ng8 11. d4 f5 {[%emt 0:12:07] [#] aiming for ...fxe4.} 12. dxe5 {[%emt 0:01:15] Black should prevent exf5.} f4 13. exd6 fxg3 14. dxe7 gxf2+ 15. Kxf2 Qxe7 16. Re1 (16. Qe2 $11) 16... Ne5 $15 {[%emt 0:04:18] Hoping for ...Qc5+.} 17. Re3 Nf6 ({Black should try} 17... Rxf3+ $1 $15 18. gxf3 Bxh3 (18... Qh4+ 19. Ke2 $14) 19. Bxg8 Rxg8) 18. Kg1 $1 $14 Qc5 19. Qe2 {[%emt 0:11:16] Black must now prevent b4.} Nxf3+ 20. Nxf3 {[%emt 0:02:07] And now b4 would win.} (20. Qxf3 $2 {too greedy.} Ng4 $19) 20... Nxe4 21. Nd4 ({White should play} 21. Re1 $16) 21... Nd6 22. Bd3 Bf5 23. Re1 {[%emt 0:04:01] Strongly threatening Qh5.} Bxd3 24. Qxd3 {[%emt 0:00:30] Ne6 would now be deadly.} Nf5 $2 {[%emt 0:02:58][%mdl 8192] [#]} (24... Rae8 $11) 25. Re5 $1 $18 Nd6 (25... Qd6 $142 26. Rxf5 Rfe8) 26. R5e3 $2 (26. Rxc5 $18 Rf7 27. Ne6) 26... Rae8 27. Qg6 Ra8 (27... Rxe3 $11 28. Rxe3 Rf6) 28. Qd3 $2 (28. Ne6 $18 Rf1+ 29. Kh2 (29. Kxf1 Qf5+ 30. Qxf5 Nxf5 $18)) 28... Rf6 (28... Rae8 $11) 29. Re5 (29. Kh2 $14) 29... Qb6 (29... Rff8 $1 $11) 30. Ra1 $2 {[%emt 0:00:30][%mdl 32768] Weighted Error Value: White=0.51/Black=0.48.  Loses game:     	---       	Black=2      Missed win:     	White=2     	---        Mistake:       	White=3     	Black=4      Inaccurate:     	---       	Black=2      OK:         	White=4     	Black=8      Best:        	White=1     	Black=4      Strong:       	White=2     	---       . Loss on time!?} (30. b4 $16 {keeps the pressure on.}) 1-0

[Event "8th Brazilian Open SESC Caioba 2024"]
[Site "Caioba"]
[Date "2024.06.26"]
[Round "5.12"]
[White "Sunye Neto, Jaime"]
[Black "Chemin, Vitorio"]
[Result "1-0"]
[ECO "E95"]
[WhiteElo "2398"]
[BlackElo "2131"]
[Annotator "RC"]
[PlyCount "83"]
[EventDate "2024.06.15"]
[EventCountry "BRA"]
[SourceTitle "playchess.com"]
[Source "ChessBase"]
[SourceQuality "1"]
[TimeControl "5400+30"]

1. c4 Nf6 2. Nc3 g6 3. e4 d6 4. d4 Bg7 5. Be2 Nbd7 6. Nf3 e5 7. O-O O-O 8. Re1 c6 9. Bf1 Qe7 10. Bg5 h6 11. Bh4 Rd8 12. d5 Nf8 13. Nd2 g5 14. Bg3 Ng6 15. f3 h5 16. Bf2 h4 17. b4 cxd5 18. exd5 Ne8 19. c5 f5 20. Nc4 g4 21. fxg4 fxg4 22. g3 hxg3 23. hxg3 Qg5 24. Ne4 Qh5 25. Ncxd6 Nxd6 26. cxd6 Bf5 27. Rc1 Rf8 28. Rc2 Nh8 29. d7 Nf7 30. Bg2 Bxd7 31. Rc7 Bf5 32. Bc5 Rfd8 33. Be7 Rd7 34. Rxd7 Bxd7 35. d6 Re8 36. Nc5 Bc6 37. Bxc6 bxc6 38. Re4 Ng5 39. Bxg5 Qxg5 40. d7 Rd8 41. Rxg4 Qe3+ 42. Kg2 1-0

[Event "8th Brazilian Open SESC Caioba 2024"]
[Site "Caioba"]
[Date "2024.06.26"]
[Round "5.13"]
[White "Guimaraes, Wagner Peixoto"]
[Black "Perdomo, Leandro"]
[Result "0-1"]
[ECO "A25"]
[WhiteElo "2145"]
[BlackElo "2391"]
[Annotator "RC"]
[PlyCount "86"]
[EventDate "2024.06.15"]
[EventCountry "BRA"]
[SourceTitle "playchess.com"]
[Source "ChessBase"]
[SourceQuality "1"]
[TimeControl "5400+30"]

1. c4 g6 2. Nc3 Bg7 3. g3 e5 4. Bg2 d6 5. e3 Nc6 6. Nge2 Nge7 7. O-O O-O 8. d3 Bg4 9. h3 Be6 10. Nd5 Qd7 11. Kh2 Rab8 12. Qa4 a6 13. Bd2 b5 14. Qxa6 bxc4 15. dxc4 Rxb2 16. Rad1 f5 17. Nec3 e4 18. Qa3 Rbb8 19. f4 Ra8 20. Qc1 Bxd5 21. cxd5 Nb4 22. Be1 Nd3 23. Qc2 Rfb8 24. Rxd3 exd3 25. Qxd3 Rb2 26. a4 Nc8 27. Rf2 Rxf2 28. Bxf2 Nb6 29. e4 fxe4 30. Nxe4 Rxa4 31. Qb3 Ra8 32. Ng5 Qa4 33. Qf3 Re8 34. Ne6 Qc2 35. h4 Nd7 36. Bf1 Nf6 37. Kg1 Qe4 38. Qxe4 Nxe4 39. Nxc7 Rc8 40. Nb5 Rc1 41. Kg2 Rc2 42. Bd3 Rxf2+ 43. Kg1 Rb2 0-1

[Event "8th Brazilian Open SESC Caioba 2024"]
[Site "Caioba"]
[Date "2024.06.26"]
[Round "5.14"]
[White "Silva, Caio Henrique Angeli"]
[Black "Matsuura, Everaldo"]
[Result "1/2-1/2"]
[ECO "B07"]
[WhiteElo "2094"]
[BlackElo "2380"]
[Annotator "RC"]
[PlyCount "76"]
[EventDate "2024.06.15"]
[EventCountry "BRA"]
[SourceTitle "playchess.com"]
[Source "ChessBase"]
[SourceQuality "1"]
[TimeControl "5400+30"]

1. Nf3 g6 2. d4 Nf6 3. g3 Bg7 4. Bg2 O-O 5. O-O d6 6. Nc3 Nbd7 7. e4 e5 8. h3 c6 9. dxe5 dxe5 10. Be3 Qe7 11. Nd2 Nc5 12. Nc4 b6 13. Qd6 Qxd6 14. Nxd6 Ba6 15. Rfd1 Ne6 16. Bf1 Bxf1 17. Kxf1 Nd4 18. Bxd4 exd4 19. Rxd4 Nd5 20. Rd3 Nb4 21. Rd2 Rfd8 22. Rad1 Bxc3 23. bxc3 Nxa2 24. Rd3 b5 25. e5 b4 26. cxb4 Nxb4 27. Rc3 a5 28. Ra1 f6 29. Nb7 Rd2 30. Rxa5 Rb8 31. Nd6 Nxc2 32. Ne4 Rd1+ 33. Kg2 Ne1+ 34. Kh2 fxe5 35. Rxc6 Nf3+ 36. Kg2 Ne1+ 37. Kh2 Nf3+ 38. Kg2 Ne1+ 1/2-1/2

[Event "8th Brazilian Open SESC Caioba 2024"]
[Site "Caioba"]
[Date "2024.06.29"]
[Round "8.1"]
[White "Filgueiras, Nathan Felipe"]
[Black "Mekhitarian, Krikor Sevag"]
[Result "0-1"]
[ECO "B76"]
[WhiteElo "2294"]
[BlackElo "2554"]
[Annotator "TA"]
[PlyCount "126"]
[EventDate "2024.06.15"]
[EventCountry "BRA"]
[SourceTitle "playchess.com"]
[Source "ChessBase"]
[SourceQuality "1"]
[TimeControl "5400+30"]

1. e4 c5 2. Nc3 Nc6 3. Nge2 g6 4. d4 cxd4 5. Nxd4 Bg7 6. Be3 Nf6 7. Nb3 O-O 8. f3 {[%emt 0:01:56] 8.Qd2 is the modern continuation.} d6 9. Qd2 a5 {[%emt 0:03:55] B76: Sicilian Dragon: Yugoslav Attack, 9 g4 and 9 0-0-0.} 10. a4 Be6 11. O-O-O Rc8 12. Kb1 Nb4 13. Nd4 Bc4 14. h4 Bxf1 15. Rdxf1 $146 ({White should try} 15. Rhxf1 $16 {g4 would now be deadly.} h5 16. Ndb5) ({Predecessor:} 15. Rhxf1 Nd7 16. Bh6 Ne5 17. Bxg7 Kxg7 18. Ndb5 Nc4 19. Qd4+ e5 20. Qf2 f5 21. exf5 Rxf5 {1-0 Teschner,R-Richter,K Berlin-ch playoff 1948 (2)}) 15... e5 16. Ndb5 (16. Nb3 $5) 16... d5 17. exd5 Nfxd5 18. Rd1 Nxc3+ 19. Nxc3 (19. bxc3 {simplifies} Qxd2 20. Rxd2 Na6 21. Kb2) 19... Qc7 20. Qd7 (20. h5 {keeps more tension.} e4 21. Nxe4 Rfd8 22. Qe2) 20... e4 21. Qxc7 (21. Nxe4 $2 {leads to mate.} Qxc2+ 22. Ka1 Bxb2#) 21... Rxc7 22. Bd4 exf3 23. gxf3 h5 24. Bxg7 Kxg7 25. Rhe1 Rfc8 26. Rd2 Rc4 27. Re4 R8c5 28. Rde2 (28. Rxc4 $11 Rxc4 29. Ne4) 28... Rxe4 29. Nxe4 Rf5 30. Nd2 Rf4 31. Re4 Rxe4 32. Nxe4 f6 33. Kc1 $1 Nc6 34. Kd1 Nd4 35. f4 Nf5 36. Nc5 Nd6 ({Don't play} 36... Nxh4 37. Nxb7 Ng2 38. Ke2) 37. Ke2 Kf7 38. c3 b6 39. Nd3 (39. Na6 $1 $11) 39... Ke6 $17 (39... Nf5 40. c4 Nxh4 41. c5 bxc5 42. Nxc5 $15) 40. Ne1 {[%emt 0:01:41] [#]} (40. Nc1 $17) 40... Kd5 $2 (40... Ne4 $1 $19 {White must now prevent ...Nc5.} 41. Nc2 Nc5 42. Nd4+ Kd5) 41. Kd3 $11 Nf5 42. Nf3 Kc5 43. b3 Ne7 44. Nd2 Nd5 45. Ne4+ Kc6 46. Kc4 $2 (46. f5 $1 $11 {and White has nothing to worry.}) 46... Nxf4 $19 ({Not} 46... f5 47. Ng5 $15) 47. Nxf6 Ng2 48. b4 (48. Kd3 $142) 48... Nxh4 $19 49. Nd5 Nf5 50. Nf4 Ne7 51. Kd4 Kd6 52. bxa5 bxa5 53. c4 h4 54. c5+ Kc6 55. Nd3 h3 56. Ne5+ Kc7 57. Ng4 Nf5+ (57... Kb7 $142 58. Kc4 g5) 58. Ke5 Kc6 59. Kf6 Ne3 60. Nf2 h2 61. Kxg6 Kxc5 62. Kh5 Nd1 63. Nh1 Kb4 0-1